NYP
VANCOUVER CANADIANS @ SPOKANE INDIANS
06/10/2048
 
TOP OF THE 1ST
Vancouver Canadians batting - Pitching for Spokane Indians : RHP Malibok Fflunker
Pitching: RHP Malibok Fflunker
Batting: RHB Kennet Strijbis 0-0: Bunt for hit to 2R - play at first, batter OUT! 2-3
Batting: RHB Brian Manson 0-0: Ball
1-0: Foul Ball, location: 2F
1-1: SINGLE (Groundball, 6MD, EV 109.4 MPH)
Batting: RHB Nikita Schram 0-0: Ball
Brian Manson steals 2nd base
1-0: Foul Ball, location: 2F
1-1: Swinging Strike
1-2: Ball
2-2: Ball
3-2: Foul Ball, location: 2F
3-2: Foul Ball, location: 2F
3-2: Ground out 3-1 (Groundball, 34, EV 84.4 MPH)
Brian Manson to third
Batting: RHB George King 0-0: Ball
1-0: Ball
2-0: Ball
3-0: Called Strike
3-1: Called Strike
3-2: Foul Ball, location: 2F
3-2: Strikes out swinging
Top of the 1st over - 0 runs, 1 hit, 0 errors, 1 left on base; Vancouver 0 - Spokane 0
BOTTOM OF THE 1ST
Spokane Indians batting - Pitching for Vancouver Canadians : RHP Cody Walsh
Pitching: RHP Cody Walsh
Batting: RHB Theo van Gent 0-0: Fly out, F2 (Popup, 3SF, EV 88.1 MPH)
Batting: RHB Josh Whitmore 0-0: Ball
1-0: Ball
2-0: Called Strike
2-1: Foul Ball, location: 2F
2-2: Ground out 5-3 (Groundball, 56S, EV 86.9 MPH)
Batting: RHB Mike Thornton 0-0: Fly out, F3 (Popup, 3S, EV 78.1 MPH)
Bottom of the 1st over - 0 runs, 0 hits, 0 errors, 0 left on base; Vancouver 0 - Spokane 0
TOP OF THE 2ND
Vancouver Canadians batting - Pitching for Spokane Indians : RHP Malibok Fflunker
Batting: LHB Devin Huber 0-0: Ball
1-0: Called Strike
1-1: Foul Ball, location: 2F
1-2: Foul Ball, location: 2F
1-2: Strikes out swinging
Batting: RHB Elliot Manfredini 0-0: Ball
1-0: Ball
2-0: Foul Ball, location: 2F
2-1: Foul Ball, location: 2F
2-2: Ground out 5-3 (Groundball, 5, EV 88.8 MPH)
Batting: RHB Mike Strey 0-0: Foul Ball, location: 2F
0-1: Ball
1-1: DOUBLE (Groundball, 5L, EV 104.4 MPH)
Batting: RHB Javier Garcia 0-0: Ground out 6-3 (Groundball, 6, EV 91.2 MPH)
Top of the 2nd over - 0 runs, 1 hit, 0 errors, 1 left on base; Vancouver 0 - Spokane 0
BOTTOM OF THE 2ND
Spokane Indians batting - Pitching for Vancouver Canadians : RHP Cody Walsh
Batting: RHB Danny Odom 0-0: Called Strike
0-1: Foul Ball, location: 2F
0-2: Ball
1-2: Foul Ball, location: 2F
1-2: Foul Ball, location: 2F
1-2: Foul Ball, location: 2F
1-2: Ball
2-2: Foul Ball, location: 2F
2-2: SINGLE (Groundball, 6MD, EV 105.6 MPH)
Batting: RHB Vinny Luna 0-0: Called Strike
Danny Odom is caught stealing 2nd base 2-4
0-1: Foul Ball, location: 2F
0-2: Fly out, F8 (Line Drive, 8LM, EV 90.6 MPH)
Batting: RHB Aaron Graham 0-0: Ball
1-0: Called Strike
1-1: Ground out 4-3 (Groundball, 4, EV 83.1 MPH)
Bottom of the 2nd over - 0 runs, 1 hit, 0 errors, 0 left on base; Vancouver 0 - Spokane 0
TOP OF THE 3RD
Vancouver Canadians batting - Pitching for Spokane Indians : RHP Malibok Fflunker
Batting: RHB Dan Hilyer 0-0: Ball
1-0: Called Strike
1-1: Ball
2-1: Foul Ball, location: 2F
2-2: SINGLE (Groundball, 4MD, EV 97.5 MPH)
Batting: RHB Kennet Strijbis 0-0: Called Strike
0-1: Swinging Strike
0-2: Ball
Wild Pitch!
Dan Hilyer to second
1-2: Strikes out swinging
Batting: RHB Brian Manson 0-0: Ball
1-0: Hit by Pitch
Batting: RHB Nikita Schram 0-0: Fielders Choice at 2nd, 5-4 (Groundball, 5, EV 98.8 MPH)
Dan Hilyer to third
Batting: RHB George King 0-0: Ball
1-0: Ball
2-0: Ball
3-0: SINGLE (Groundball, 56, EV 101.9 MPH) (infield hit)
Dan Hilyer scores
Nikita Schram to second
Batting: LHB Devin Huber 0-0: Called Strike
0-1: Foul Ball, location: 2F
0-2: Ball
1-2: Ground out 4-3 (Groundball, 4, EV 76.9 MPH)
Top of the 3rd over - 1 run, 2 hits, 0 errors, 2 left on base; Vancouver 1 - Spokane 0
BOTTOM OF THE 3RD
Spokane Indians batting - Pitching for Vancouver Canadians : RHP Cody Walsh
Batting: RHB Rick Concha 0-0: Fly out, F4 (Popup, 3S, EV 75.6 MPH)
Batting: SHB Isaiah Cherry 0-0: Foul Ball, location: 2F
0-1: Called Strike
0-2: Ball
1-2: Foul Ball, location: 2F
1-2: Ground out 4-3 (Groundball, 4, EV 103.1 MPH)
Batting: RHB Gavin Fimple 0-0: Called Strike
0-1: Swinging Strike
0-2: Ball
1-2: Strikes out swinging
Bottom of the 3rd over - 0 runs, 0 hits, 0 errors, 0 left on base; Vancouver 1 - Spokane 0
TOP OF THE 4TH
Vancouver Canadians batting - Pitching for Spokane Indians : RHP Malibok Fflunker
Batting: RHB Elliot Manfredini 0-0: Ball
1-0: Swinging Strike
1-1: Ball
2-1: Ball
3-1: Fly out, F9 (Flyball, 9LM, EV 105.0 MPH)
Batting: RHB Mike Strey 0-0: Called Strike
0-1: Called Strike
0-2: Ball
1-2: Ground out 5-3 (Groundball, 56, EV 94.4 MPH)
Batting: RHB Javier Garcia 0-0: Called Strike
0-1: Swinging Strike
0-2: Ball
1-2: Strikes out swinging
Top of the 4th over - 0 runs, 0 hits, 0 errors, 0 left on base; Vancouver 1 - Spokane 0
BOTTOM OF THE 4TH
Spokane Indians batting - Pitching for Vancouver Canadians : RHP Cody Walsh
Batting: RHB Theo van Gent 0-0: Ball
1-0: Ball
2-0: Ball
3-0: Called Strike
3-1: Foul Ball, location: 2F
3-2: Base on Balls
Batting: RHB Josh Whitmore 0-0: Called Strike
0-1: Ball
1-1: Foul Ball, location: 2F
1-2: Foul Ball, location: 2F
1-2: Ball
2-2: Strikes out looking
Batting: RHB Mike Thornton 0-0: Ball
1-0: Swinging Strike
1-1: SINGLE (Groundball, 56D, EV 105.0 MPH)
Theo van Gent to second
Batting: RHB Danny Odom 0-0: Called Strike
0-1: Grounds into double play, 5-4-3 (Groundball, 5, EV 76.9 MPH)
Bottom of the 4th over - 0 runs, 1 hit, 0 errors, 1 left on base; Vancouver 1 - Spokane 0
TOP OF THE 5TH
Vancouver Canadians batting - Pitching for Spokane Indians : RHP Malibok Fflunker
Batting: RHB Dan Hilyer 0-0: Called Strike
0-1: Ball
1-1: Called Strike
1-2: Strikes out swinging
Batting: RHB Kennet Strijbis 0-0: Called Strike
0-1: Foul Ball, location: 2F
0-2: Ground out 4-3 (Groundball, 4, EV 103.1 MPH)
Batting: RHB Brian Manson 0-0: Foul Ball, location: 2F
0-1: SINGLE (Groundball, 6MD, EV 104.4 MPH)
Batting: RHB Nikita Schram 0-0: Called Strike
0-1: Ball
Brian Manson steals 2nd base (no throw)
1-1: TRIPLE (Flyball, 8LXD, EV 106.9 MPH)
Brian Manson scores
Batting: RHB George King 0-0: Ball
1-0: Foul Ball, location: 2F
1-1: Swinging Strike
1-2: Strikes out swinging
Top of the 5th over - 1 run, 2 hits, 0 errors, 1 left on base; Vancouver 2 - Spokane 0
BOTTOM OF THE 5TH
Spokane Indians batting - Pitching for Vancouver Canadians : RHP Cody Walsh
Batting: RHB Vinny Luna 0-0: Called Strike
0-1: Foul Ball, location: 2F
0-2: Ball
1-2: Ball
2-2: Fly out, F8 (Flyball, 8RD, EV 95.0 MPH)
Batting: RHB Aaron Graham 0-0: Swinging Strike
0-1: Ball
1-1: Called Strike
1-2: Foul Ball, location: 2F
1-2: SINGLE (Groundball, 25, EV 73.8 MPH) (infield hit)
Pinch Runner at 1st Dennis Daniels:
Batting: RHB Rick Concha 0-0: Called Strike
Dennis Daniels is caught stealing 2nd base 2-4
0-1: Ground out U3 (Groundball, 34, EV 85.0 MPH)
Bottom of the 5th over - 0 runs, 1 hit, 0 errors, 0 left on base; Vancouver 2 - Spokane 0
TOP OF THE 6TH
Vancouver Canadians batting - Pitching for Spokane Indians : RHP Malibok Fflunker
Now at SS: Dennis Daniels
Batting: LHB Devin Huber 0-0: Called Strike
0-1: Fly out, F9 (Flyball, 9S, EV 91.9 MPH)
Batting: RHB Elliot Manfredini 0-0: Ball
1-0: Ball
2-0: Called Strike
2-1: Ball
3-1: Foul Ball, location: 2F
3-2: SINGLE (Groundball, 23, EV 65.0 MPH) (infield hit)
Pitching: RHP Davion Jones
Batting: RHB Mike Strey 0-0: Called Strike
0-1: Foul Ball, location: 2F
0-2: Foul Ball, location: 2F
0-2: Foul Ball, location: 2F
0-2: Ball
1-2: Foul Ball, location: 2F
1-2: Foul Ball, location: 2F
1-2: Strikes out looking
Elliot Manfredini steals 2nd base
Batter strikes out.
Batting: RHB Javier Garcia 0-0: Ball
1-0: Ball
2-0: Called Strike
2-1: Swinging Strike
2-2: Foul Ball, location: 2F
2-2: Strikes out swinging
Top of the 6th over - 0 runs, 1 hit, 0 errors, 1 left on base; Vancouver 2 - Spokane 0
BOTTOM OF THE 6TH
Spokane Indians batting - Pitching for Vancouver Canadians : RHP Cody Walsh
Batting: SHB Isaiah Cherry 0-0: Hit by Pitch
Batting: RHB Gavin Fimple 0-0: Ball
Isaiah Cherry steals 2nd base
1-0: Foul Ball, location: 2F
1-1: Called Strike
1-2: SINGLE (Groundball, 56D, EV 102.5 MPH)
Isaiah Cherry to third
Batting: RHB Theo van Gent 0-0: Swinging Strike
0-1: Called Strike
0-2: Ball
1-2: Strikes out looking
Gavin Fimple steals 2nd base
Batter strikes out.
Batting: RHB Josh Whitmore 0-0: Ball
1-0: Called Strike
1-1: Foul Ball, location: 2F
1-2: Foul Ball, location: 2F
1-2: Ball
2-2: Foul Ball, location: 2F
2-2: Ball
3-2: SINGLE (Groundball, 4M, EV 87.5 MPH) (infield hit)
Isaiah Cherry scores
Gavin Fimple to third
Batting: RHB Mike Thornton 0-0: Foul Ball, location: 2F
0-1: Ball
1-1: Ball
2-1: Ball
3-1: Base on Balls
Josh Whitmore to second
Batting: RHB Danny Odom 0-0: Foul Ball, location: 2F
0-1: Swinging Strike
0-2: Fly out, F9 (Flyball, 89M, EV 90.0 MPH)
Runner from 3rd tags up, OUT at HOME! 9-2
Bottom of the 6th over - 1 run, 2 hits, 0 errors, 2 left on base; Vancouver 2 - Spokane 1
TOP OF THE 7TH
Vancouver Canadians batting - Pitching for Spokane Indians : RHP Davion Jones
Batting: RHB Dan Hilyer 0-0: Fly out, F7 (Flyball, 78M, EV 76.9 MPH)
Batting: RHB Kennet Strijbis 0-0: Called Strike
0-1: Ball
1-1: Ball
2-1: Called Strike
2-2: Strikes out looking
Batting: RHB Brian Manson 0-0: Swinging Strike
0-1: Foul Ball, location: 2F
0-2: Ball
1-2: Foul Ball, location: 2F
1-2: Ball
2-2: Strikes out swinging
Top of the 7th over - 0 runs, 0 hits, 0 errors, 0 left on base; Vancouver 2 - Spokane 1
BOTTOM OF THE 7TH
Spokane Indians batting - Pitching for Vancouver Canadians : RHP Cody Walsh
Batting: RHB Vinny Luna 0-0: Called Strike
0-1: Called Strike
0-2: Strikes out looking
Pinch Hitting: LHB Ben Radach 0-0: Called Strike
0-1: Swinging Strike
0-2: Ball
1-2: Strikes out looking
Pinch Hitting: LHB Sean Gingrich 0-0: Ball
1-0: Ball
2-0: Ground out 1-3 (Groundball, 13S, EV 70.0 MPH)
Bottom of the 7th over - 0 runs, 0 hits, 0 errors, 0 left on base; Vancouver 2 - Spokane 1
TOP OF THE 8TH
Vancouver Canadians batting - Pitching for Spokane Indians : RHP Davion Jones
Now at 1B: Ben Radach
Now at 2B: Josh Whitmore
Now at 3B: Tyler Farver
Now at SS: Isaiah Cherry
Batting: RHB Nikita Schram 0-0: Called Strike
0-1: Ball
1-1: Called Strike
1-2: Ball
2-2: Strikes out swinging
Batting: RHB George King 0-0: Called Strike
0-1: Foul Ball, location: 2F
0-2: Foul Ball, location: 2F
0-2: Foul Ball, location: 2F
0-2: Fly out, F7 (Flyball, 78M, EV 90.6 MPH)
Batting: LHB Devin Huber 0-0: Ball
1-0: Foul Ball, location: 2F
1-1: Called Strike
1-2: Ball
2-2: Strikes out looking
Top of the 8th over - 0 runs, 0 hits, 0 errors, 0 left on base; Vancouver 2 - Spokane 1
BOTTOM OF THE 8TH
Spokane Indians batting - Pitching for Vancouver Canadians : RHP Cody Walsh
Pitching: RHP Danny Cervantes
Batting: SHB Isaiah Cherry 0-0: Called Strike
0-1: Called Strike
0-2: Ball
1-2: Ball
2-2: Ball
3-2: Foul Ball, location: 2F
3-2: Base on Balls
Batting: RHB Gavin Fimple 0-0: Sac Bunt to 2L - play at first, batter OUT! 2-3
Isaiah Cherry to second
Pinch Hitting: LHB Nick Foutz 0-0: Called Strike
0-1: Called Strike
0-2: Ball
Wild Pitch!
Isaiah Cherry to third
1-2: Foul Ball, location: 2F
1-2: Strikes out swinging
Pinch Hitting: LHB Casper Kersten 0-0: Ball
1-0: Foul Ball, location: 2F
1-1: Foul Ball, location: 2F
1-2: Foul Ball, location: 2F
1-2: Ball
2-2: Foul Ball, location: 2F
2-2: Ball
3-2: Foul Ball, location: 2F
3-2: Foul Ball, location: 2F
3-2: Foul Ball, location: 2F
3-2: DOUBLE (Line Drive, 9LD, EV 103.8 MPH)
Isaiah Cherry scores
Batting: RHB Mike Thornton 0-0: Ball
1-0: Called Strike
1-1: Foul Ball, location: 2F
1-2: DOUBLE (Flyball, 8LXD, EV 100.0 MPH)
Casper Kersten scores
Batting: RHB Danny Odom 0-0: Ball
1-0: Called Strike
1-1: Foul Ball, location: 2F
1-2: Strikes out swinging
Bottom of the 8th over - 2 runs, 2 hits, 0 errors, 1 left on base; Vancouver 2 - Spokane 3
TOP OF THE 9TH
Vancouver Canadians batting - Pitching for Spokane Indians : RHP Davion Jones
Pitching: LHP Chad Dominey
Now at 1B: Jason Swisher
Now at 2B: Tyler Farver
Now at 3B: Casper Kersten
Now in LF: Nick Foutz
Batting: RHB Elliot Manfredini 0-0: Foul Ball, location: 2F
0-1: Ball
1-1: Ball
2-1: Ball
3-1: SINGLE (Flyball, 34D, EV 93.1 MPH)
Batting: RHB Mike Strey 0-0: Ball
1-0: Called Strike
Pickoff Throw to First - Out! 1-3 CS
1-1: Foul Ball, location: 2F
1-2: Strikes out swinging
Batting: RHB Javier Garcia 0-0: Foul Ball, location: 2F
0-1: Swinging Strike
0-2: Fly out, F3 (Popup, 3, EV 55.0 MPH)
Top of the 9th over - 0 runs, 1 hit, 0 errors, 0 left on base; Vancouver 2 - Spokane 3
Tuesday, March 28th , 2023 - OOTP Baseball 23.10 Build 110